Construct Section Command Post
Selects Heavy Armor Battlegroup
Selects Rigorous Vehicle Training
Construct Platoon Command Post
Construct Field Infirmary
6-pounder Anti-tank Gun Team
Unlock Bishop Self-propelled Artillery
Selects Crusader AA Medium Tank
Bishop Self-propelled Artillery
Bishop Self-propelled Artillery
6-pounder Anti-tank Gun Team
6-pounder Anti-tank Gun Team
Construct Company Command Post
Selects Light Vehicle Withdraw and Refit
Selects UNKNOWN (2162094)
6-pounder Anti-tank Gun Team